 Dungeon Crawl Stone Soup version 0.20.1-1-g8b1a95d (webtiles) character file.

319 Gargoyl the Covered (level 6, -3/53 HPs)
             Began as a Minotaur Abyssal Knight on July 25, 2017.
             Was a Priest of Lugonu.
             Slain by an ogre
             ... wielding a cursed +0 giant spiked club
              (20 damage)
             ... on level 4 of the Dungeon on July 26, 2017.
             The game lasted 00:10:08 (3692 turns).

Gargoyl the Covered (Minotaur Abyssal Knight)       Turns: 3692, Time: 00:10:08

Health: -3/53      AC: 13    Str: 16 (17) XL:     6   Next: 21%
Magic:  7/7        EV: 12    Int:  7 (9)  God:    Lugonu [***...]
Gold:   242        SH:  0    Dex: 14 (16) Spells: 5/5 levels left

rFire    . . .     SeeInvis .   a - +2 hand axe
rCold    . . .     Gourm    +   (no shield)
rNeg     . . .     Faith    .   k - +0 chain mail (curse)
rPois    .         Spirit   .   (helmet restricted)
rElec    .         Reflect  .   (no cloak)
rCorr    .         Harm     .   e - +2 pair of gloves
MR       .....                  (no boots)
Stlth    ..........             l - amulet of the gourmand
Regen    0.2/turn               (no ring)
MPRegen  0.1/turn               (no ring)

@: agile
A: retaliatory headbutt, horns 2
a: Depart the Abyss, Bend Space, Banish, Renounce Religion


You were on level 4 of the Dungeon.
You worshipped Lugonu.
Lugonu was most pleased with you.
You were not hungry.

You visited 1 branch of the dungeon, and saw 4 of its levels.
You visited the Abyss 1 time.

You collected 242 gold pieces.

Inventory:

Hand Weapons
 a - a +2 hand axe (weapon)
Armour
 e - a +2 pair of gloves (worn)
 k - a cursed +0 chain mail (worn)
Jewellery
 l - an amulet of the gourmand (around neck)
Scrolls
 j - 4 scrolls of remove curse
 m - a scroll of identify
 q - a scroll of teleportation
Potions
 b - 2 potions of flight
 d - a potion of curing
 h - a potion of agility
 i - a potion of degeneration
Comestibles
 c - 2 bread rations
 f - a meat ration


   Skills:
 + Level 4.6 Fighting
 + Level 4.6 Axes
 * Level 4.9 Armour
 + Level 1.8 Dodging
 * Level 3.2 Invocations


You had 5 spell levels left.
You didn't know any spells.

Dungeon Overview and Level Annotations

Branches:
Dungeon (4/15)
 Temple: D:4-7

Altars:
Nemelex Xobeh


Innate Abilities, Weirdness & Mutations

You reflexively headbutt those who attack you in melee.
You have a pair of horns on your head.


Message History

You feel protected.
It was a potion of cancellation.
Your magical effects are unravelling.
You feel magically purged.
Your resistance to elements expires.
It was a potion of agility.
You feel agile all of a sudden.
It was a potion of heal wounds.
You feel much better.
You climb downwards.
The ogre hits you with a giant spiked club!
There is a stone staircase leading up here.
Your chain mail prevents you from hitting the ogre.
The ogre misses you.
You slash the ogre! You headbutt the ogre.
The ogre is heavily wounded.
The ogre hits you with a giant spiked club!!
You hit the ogre.
The ogre is heavily wounded.
The ogre hits you with a giant spiked club!!
You die...

#........)#
#.?.#.....####
#...#........#
#...#........#
#...#........#
#...#........#
#..['........#
#(#.#.O......#
#.#.#@#'######
#.#.#"#.#
#(#.#.#.#
..#.#.#.#
..#.#.#.######
.$#.#........#
###......#
#......#
#......#


You could see an ogre.

Vanquished Creatures
  2 orc priests (D:3)
  An orc wizard (D:3)
  3 worker ants
  6 adders
  A shadow imp (D:3)
  An ooze (D:1)
  A worm (D:3)
  3 dart slugs
  2 leopard geckos
  6 orcs
  5 giant cockroaches
  4 goblins (D:1)
  7 hobgoblins
  7 jackals
  4 quokkas
  3 ball pythons
  8 bats
  5 frilled lizards
  9 kobolds
  8 rats
86 creatures vanquished.

Notes
Turn   | Place    | Note
-------+----------+-------------------------------------------
     0 | Abyss:1  | Gargoyl the Minotaur Abyssal Knight began the quest for the Orb.
     0 | Abyss:1  | Reached XP level 1. HP: 19/19 MP: 1/1
    84 | Abyss:2  | Found a corrupted altar of Lugonu.
   118 | Abyss:2  | Found a corrupted altar of Lugonu.
   141 | Abyss:2  | Noticed a large abomination
   149 | Abyss:2  | Noticed a hellwing
   150 | Abyss:2  | Noticed a blink frog
   151 | Abyss:2  | Noticed a blink frog
   151 | Abyss:2  | Noticed a blink frog
   151 | Abyss:2  | Noticed a hellwing
   151 | Abyss:2  | Noticed a smoke demon
   151 | Abyss:2  | Noticed a smoke demon
   152 | Abyss:2  | Noticed a smoke demon
   152 | Abyss:2  | Noticed a blink frog
   152 | Abyss:2  | Found a corrupted altar of Lugonu.
   153 | Abyss:2  | Noticed a blink frog
   158 | D:1      | Escaped the Abyss
   453 | D:1      | Reached * piety under Lugonu
   513 | D:1      | Reached XP level 2. HP: 23/27 MP: 2/2
  1007 | D:1      | Reached XP level 3. HP: 33/33 MP: 3/3
  1612 | D:2      | Reached ** piety under Lugonu
  1721 | D:2      | Reached XP level 4. HP: 41/41 MP: 4/4
  1835 | D:3      | Found a sparkling altar of Nemelex Xobeh.
  2250 | D:3      | Reached XP level 5. HP: 17/47 MP: 5/5
  2494 | D:3      | HP: 1/47 [orc wizard/magic dart (6)]
  3023 | D:3      | Reached *** piety under Lugonu
  3381 | D:4      | Reached XP level 6. HP: 46/53 MP: 7/7
  3692 | D:4      | Slain by an ogre

Skill      XL: |  1  2  3  4  5 |
---------------+----------------+-----
Invocations    | 2 3 |  3.2
Fighting       | 4 |  4.6
Armour         | 3 4 |  4.9
Axes           | 3 4 |  4.6
Dodging        | |  1.8

Action                   |  1- 3 |  4- 6 || total
-------------------------+-------+-------++-------
Melee: Hand axe          |    66 |   138 ||   204
       Headbutt          |    10 |    19 ||    29
Invok: Depart the Abyss  |     1 |       ||     1
  Use: Scroll            |     3 |     7 ||    10
       Potion            |       |     7 ||     7
  Eat: Chunk             |     2 |     8 ||    10
Armor: Leather armour    |    10 |       ||    10
       Ring mail         |    31 |    18 ||    49
       Chain mail        |       |    88 ||    88
Dodge: Dodged            |    71 |    64 ||   135
